← All builds
Beach sea / Cortex / Economy first / OBSERVED BUILD

Standard beach sea

The role's usual play: com goes to sea to build a shipyard around 2 minutes, pumping frigates and destroyers to contest enemy sea entry or hold vision, with an advanced metal extractor around 10 minutes as the transition into the team's…

Usually shipyard first (94%)

#naval #eco · 796 distinct matches · 106 players · 84% of Cortex Beach sea games · team won 55% of 859 · Recently observed

HOW TO PLAY IT

Key timing: Shipyard by 1:57

  1. Open 3 mex and wind while com heads straight to sea.
  2. Drop Shipyard fast, before 2:00, to seize early sea presence.
  3. Push "frigate" out to contest enemy sea entry or hold vision.
  4. Add "destroyer" as the fleet grows.
  5. Transition into Advanced Metal Extractor to catch up on eco.

Phase by phase

TYPICAL OF ITS 796 GAMES
  1. 1
  2. 2
  3. 3
PLAY THE OPENING

Follow the example game's first 6:00 step by step: what to build now, what comes next, and where it goes. At 1× it keeps pace with your own game.

  1. 1

    Up to the Shipyard

    Economy
    • Metal Extractor3Mex
    • Wind Turbine3Windfor allies
    • Wind Turbine2Wind
    • Energy Storage1Energy storage
    Order
    1. ShipyardShipyard after 3 mex, 2 wind, 1 energy storagedone ~1:57, middle half 1:45–2:08

    By 1:41 in all: 3 mex · 2 wind · 1 energy storage

    The example game in this phase · 4 steps
    1. Mex ×3
    2. Wind ×3for Air
    3. Energy storage
    4. ShipyardShipyarddone 1:45 · typical 1:57
  2. 2

    Shipyard to 5:00

    Economy
    • Metal Extractor5Mex
    • Tidal Generator2Tidal
    Builders
    • Construction Ship2 Con ship
    Army
    • Riptide2 Frigate
    • Herring1 Missile corvette
    • Oppressor1 Destroyer
    Other
    • Naval Radar / Sonar Tower1 Naval Radar / Sonar Tower

    Some games also: Urchin (43%) · wind (40%) · submarine (39%) · gunboat (36%) · con turret (36%)

    By 5:00 in all: 8 mex · 3 wind · 2 tidal · 1 energy storage

    The example game in this phase · 15 steps
    1. RiptideFrigatedone 2:02 · typical 3:52
    2. Tidal
    3. SupporterGunboat ×3
    4. Tidal
    5. Construction ShipCon ship ×2
    6. Mex
    7. OrcaSubmarinedone 3:55
    8. Mex ×2
    9. RiptideFrigate
    10. Mex
    11. RiptideFrigate
    12. Mex
    13. Con turret
    14. RiptideFrigate
    15. Mex
  3. 3

    5:00 to 10:00

    Economy
    • Metal Extractor1Mex
    • Wind Turbine10Wind
    Builders
    • Death Cavalry1 Death Cavalry
    • Construction Ship1 Con ship
    Army
    • Urchin1 Urchin
    • Riptide5 Frigate
    • Oppressor2 Destroyer
    • Herring2 Missile corvette
    Other
    • Naval Radar / Sonar Tower1 Naval Radar / Sonar Tower

    Some games also: Naval Construction Turret (48%) · Guard (47%) · Radar Tower (41%) · tidal (38%) · con turret (35%)

    By 10:00 in all: 9 mex · 12 wind · 4 wind · 4 tidal · 1 energy storage · 1 Naval Construction Turret

    The example game in this phase · 90 steps
    1. Naval Radar / Sonar TowerNaval Radar / Sonar Tower ×2
    2. RiptideFrigate
    3. UrchinUrchin
    4. Wind
    5. RiptideFrigate
    6. Wind ×4
    7. OppressorDestroyerdone 7:09 · typical 5:10
    8. Wind
    9. HerringMissile corvette
    10. Con turret
    11. HerringMissile corvette
    12. Construction ShipCon ship
    13. GuardGuard
    14. SkaterSkater
    15. Radar TowerRadar Tower
    16. GuardGuard
    17. RiptideFrigate
    18. Con turret
    19. RiptideFrigate
    20. GuardGuard
    21. RiptideFrigate
    22. OppressorDestroyer
    23. Wind
    24. Mex
    25. GuardGuard ×2
    26. Wind
    27. GuardGuard
    28. Wind
    29. GuardGuard
    30. Mex
    31. Wind
    32. GuardGuard
    33. Wind
    34. RiptideFrigate
    35. Wind ×2
    36. Advanced Metal ExtractorT2 mexdone 11:06 · typical 9:57
    37. Wind ×2
    38. RiptideFrigate
    39. Wind ×3
    40. RiptideFrigate
    41. Wind ×2
    42. RiptideFrigate
    43. Wind ×2
    44. Advanced Metal ExtractorT2 mex
    45. Wind
    46. RiptideFrigate
    47. Wind ×3
    48. RiptideFrigate
    49. Wind
    50. Con turret
    51. Construction ShipCon ship
    52. EelSubmarinedone 12:22
    53. Wind
    54. Advanced Metal ExtractorT2 mex
    55. Mex
    56. Wind
    57. GuardGuard
    58. Wind
    59. GuardGuard
    60. Wind
    61. Advanced ShipyardAdvanced Shipyarddone 13:25
    62. Mex ×2
    63. Advanced Metal ExtractorT2 mex
    64. Mex
    65. Naval Radar / Sonar TowerNaval Radar / Sonar Tower
    66. Advanced Construction SubAdvanced Construction Sub
    67. Naval Construction Turret
    68. PathfinderPathfinder
    69. Wind
    70. Advanced Metal ExtractorT2 mex
    71. PathfinderPathfinder
    72. Wind
    73. Mex
    74. Wind ×3
    75. PhantasmRadar jammer ship
    76. Wind
    77. Mex
    78. Con turret
    79. Wind
    80. Naval Advanced Metal ExtractorNaval Advanced Metal Extractordone 14:59
    81. Wind
    82. PathfinderPathfinder
    83. Wind
    84. Tidal
    85. PathfinderPathfinder
    86. Con turret
    87. Wind
    88. Naval Radar / Sonar TowerNaval Radar / Sonar Tower
    89. Wind
    90. PathfinderPathfinder

Counts are medians over the build's games: half of them build more, half fewer. The example game is iLike2Eco's (37 OS, 14/09/2026); pick another.

Team trades

IN AT LEAST 30% OF ITS GAMES

You hand over

  • Wind Turbine3 Wind to Airfirst at 1:52 · in 78% of games

You get

  • Finch1 Finch from Airfirst at 1:58 · in 82% of games
  • Lazarus1 Lazarus from Geofirst at 2:14 · in 62% of games
  • Hephaestus1 Heavy transport from Airfirst at 2:16 · in 68% of games
  • Construction Bot1 Con bot from Geofirst at 2:27 · in 69% of games
  • Hercules1 Light transport from Airfirst at 2:33 · in 32% of games
  • Advanced Construction Bot1 T2 con bot from Techfirst at 8:09 · in 88% of games

How it plays out

Typical game of this build, running totals by minute

Metal produced

010k20k30k
0:005:0010:0015:00

metal

Enemy metal destroyed

05k10k
0:005:0010:0015:00

metal

Own metal lost

02.5k5k7.5k
0:005:0010:0015:00

metal

859 games.

Show as table
ByMetal produced: This buildEnemy metal destroyed: This buildOwn metal lost: This build
1:0040300
2:0093700
3:00156700
4:0025252150
5:003701197100
6:005034535251
7:0064811091590
8:00807618251040
9:00968328531610
10:001159139952340
11:001381852133090
12:001636061593830
13:001915472004615
14:002195583275730
15:002495293256631
WHAT THE NUMBERS SAY

Standard Beach sea wins more than Geo sea's 50% and gets its Shipyard up faster, using early sea access before falling behind on land resources.

  • + Shipyard finishes by 1:57, faster than Geo sea's 3:18
  • + 54% team win rate beats the Cortex geo sea baseline
  • − Metal produced trails Geo sea's Cortex build, 24356 vs 28451 by 15:00
  • − T2 factory only lands in 35% of games by 12:42
THE EXAMPLE YOU ARE READING

iLike2Eco

36.9 OS · 14/09/2026

Open source match ↗

14 received units · includes a constructor
26 metal received · 62647 energy received

Allied construction assistance is unknown. Timings are observations, not a promise of solo reproducibility.

Typical milestones

Shipyard1:57Middle 50%: 1:45–2:08 · n=857
Riptide3:52Middle 50%: 3:16–4:33 · n=845
Oppressor5:10Middle 50%: 4:13–6:08 · n=830
Advanced Metal Extractor9:57Middle 50%: 9:16–10:53 · n=730

Played most by

EpicTyrannus82games of this buildDamsko66games of this buildWaboum64games of this buildPRO_HYDRA58games of this buildMrCoolPotato51games of this build